AoeStats
← Horizon

Nomad

507697888Analyzed
4v4 RM · 13d ago on Sep 19, 2026· 50m 29s· 8 players
Game mode
Random Map
Map size
231×231
Population
200
Speed
Normal
Resources
Standard
Victory
Conquest
Starting age
Dark Age
Ending age
Imperial Age
RankedLock teamsTeams togetherTeam positionsShared explorationLock speedFull tech treeHidden civsTurbo modeCheats
Victory
Defeat
🇳🇱 Vikings · Netherlands
1605
+10
🇺🇦 Shu · Ukraine
1521
+13
🇵🇰 Chinese · Pakistan
1512
+14
🇷🇺 Inca · Russia
1352
+20
🇹🇼 Khitans · Taiwan
1650
-21
🇨🇳 Hindustanis · China
1423
-13
🇨🇳 Poles · China
1420
-13
🇩🇪 Spanish · Germany
1350
-10
tima_1999
9:20 Loom
9:28 Loom
12:51 Feudal Age
14:18 Double-Bit Axe
17:39 Castle Age
16:36 Fletching
17:42 Horse Collar
17:53 Gold Mining
18:01 Gold Mining
19:15 Town Watch
20:53 Heavy Plow
21:09 Bow Saw
21:53 Bodkin Arrow
23:35 Padded Archer Armor
23:25 Crossbowman
25:21 Wheelbarrow
26:19 Ballistics
27:09 Thumb Ring
35:35 Imperial Age
34:41 Hand Cart
36:22 Bracer
35:43 Arbalester
38:22 Chemistry
38:40 Conscription
38:42 Stone Mining
39:28 Gold Shaft Mining
40:23 Forging
39:42 Elite Kamayuk
41:33 Fabric Shields
41:38 Scale Mail Armor
42:30 Leather Archer Armor
44:42 Iron Casting
44:23 Chain Mail Armor
45:14 Hoardings
49:04 Plate Mail Armor
49:34 Blast Furnace
50:05 Squires
49:51 Arson
jude
5:03 Loom
14:55 Feudal Age
18:39 Castle Age
17:04 Fletching
17:37 Double-Bit Axe
17:44 Gold Mining
19:36 Bow Saw
19:32 Bodkin Arrow
20:03 Medium Warships
25:55 Clinker Construction
25:57 Horse Collar
26:39 Ballistics
30:19 Forging
30:11 Demolition Ship
34:13 Stone Mining
34:39 Crossbowman
35:25 Thumb Ring
37:15 Careening
49:19 Coiled Serpent Array
Arie
3:57 Loom
13:27 Feudal Age
14:23 Double-Bit Axe
18:57 Castle Age
20:20 Bow Saw
20:13 Padded Archer Armor
20:20 Fletching
25:43 Scale Mail Armor
28:26 Chain Mail Armor
42:08 Arson
44:03 Squires
44:32 Forging
45:08 Chieftains
45:59 Town Watch
50:50 Imperial Age
51:05 Iron Casting
50:25 Bodkin Arrow
Horizon
3:27 Loom
14:56 Feudal Age
16:07 Double-Bit Axe
17:44 Fletching
21:33 Castle Age
20:29 Fishing Lines
21:23 Gold Mining
21:39 Crossbowman
22:46 Bodkin Arrow
26:07 Padded Archer Armor
26:21 Medium Warships
27:05 Thumb Ring
29:56 Wheelbarrow
29:06 Town Watch
29:55 Gillnets
37:17 Imperial Age
38:45 Conscription
38:27 Bracer
39:11 Ballistics
45:40 Chemistry
44:54 Squires
46:36 Pikeman
^ScArFaCe^
8:22 Loom
13:26 Feudal Age
18:18 Castle Age
19:17 Double-Bit Axe
20:50 Bow Saw
21:56 Padded Archer Armor
25:53 Horse Collar
26:04 Gold Mining
28:26 Leather Archer Armor
34:48 Fletching
38:38 Imperial Age
40:08 Ring Archer Armor
40:49 Bodkin Arrow
46:35 Scale Barding Armor
Wuyen
5:02 Loom
14:26 Feudal Age
18:34 Castle Age
16:24 Double-Bit Axe
16:49 Fishing Lines
18:50 Forging
19:29 Medium Warships
19:36 Bow Saw
20:09 Gillnets
21:31 Gold Mining
24:22 Wheelbarrow
25:39 Town Watch
27:25 Iron Casting
27:34 Clinker Construction
28:31 Domestication
31:59 Hand Cart
36:23 Imperial Age
34:24 Scale Mail Armor
34:43 Squires
34:03 Man-at-Arms
34:29 Gambesons
34:53 Long Swordsman
36:24 Chain Mail Armor
36:32 Pastoralism
36:43 Lamellar Armor
36:57 Arson
36:47 Two-Handed Swordsman
38:01 Plate Mail Armor
37:51 Champion
40:09 Conscription
41:56 Two-Man Saw
41:28 Transhumance
42:00 Siege Engineers
42:30 Capped Ram
43:26 Siege Ram
48:09 Guilds
47:50 Heavy Rocket Cart
48:15 Treadmill Crane
比奇堡_Gary
8:31 Loom
13:23 Feudal Age
13:54 Town Watch
17:30 Castle Age
17:50 Double-Bit Axe
19:29 Bow Saw
19:27 Scale Mail Armor
19:38 Forging
32:49 Wheelbarrow
32:26 Horse Collar
33:09 Chain Mail Armor
34:11 Iron Casting
40:29 Imperial Age
46:26 Gold Mining
46:26 Stone Mining
47:18 Conscription
47:32 Elite Ghulam
48:57 Heavy Plow
50:23 Blast Furnace
谢por
7:07 Loom
15:37 Feudal Age
19:31 Castle Age
17:37 Double-Bit Axe
17:47 Fishing Lines
20:41 Bow Saw
20:34 Town Watch
21:27 Wheelbarrow
21:35 Scale Barding Armor
22:23 Fletching
22:34 Fletching
26:46 Bloodlines
31:34 Horse Collar
36:05 Husbandry
36:19 Szlachta Privileges
37:04 Hand Cart
37:38 Fortified Wall
37:30 Heavy Plow
41:28 Imperial Age
40:15 Chain Barding Armor
40:26 Bodkin Arrow
41:10 Gillnets
41:31 Cavalier
41:32 Light Cavalry
43:46 Forging
45:28 Iron Casting
46:37 Chemistry
48:40 Winged Hussar
Connection lost

Rejoining the realm…

Still unreachable

The connection could not be restored.

Session expired

The server has moved on; the page needs a fresh start.